TOP OF THE 1ST |
Grand Junction Rockies batting - Pitching for Ogden Raptors : RHP Drew Manderfield
|
Pitching: RHP Drew Manderfield
|
|
Batting: SHB Rich McDonald
|
0-0: Ball 1-0: Called Strike 1-1: Ball 2-1: Foul Ball, location: 2F 2-2: Fly out, F6 (Popup, 6MD, EV 53.8 MPH)
|
Batting: RHB Aaron Burnet
|
0-0: Ball 1-0: Foul Ball, location: 2F 1-1: Fly out, F9 (Flyball, 89M, EV 86.9 MPH)
|
Batting: RHB Dan Hoffman
|
0-0: Ball 1-0: Ball 2-0: Ball 3-0: Called Strike 3-1: Foul Ball, location: 2F 3-2: Foul Ball, location: 2F 3-2: Strikes out looking
|
Top of the 1st over - 0 runs, 0 hits, 0 errors, 0 left on base; Grand Junction 0 - Ogden 0 |
BOTTOM OF THE 1ST |
Ogden Raptors batting - Pitching for Grand Junction Rockies : RHP Don Carriere
|
Pitching: RHP Don Carriere
|
|
Batting: SHB Javy Franco
|
0-0: Ball 1-0: Ball 2-0: Ball 3-0: Called Strike 3-1: SINGLE (Groundball, 6MD, EV 108.8 MPH)
|
Batting: SHB Alex Noval
|
0-0: Ball 1-0: Ball 2-0: Foul Ball, location: 2F 2-1: Ball Wild Pitch! Javy Franco to second 3-1: Base on Balls
|
Batting: RHB Adam Maczko
|
0-0: Ball 1-0: Foul Ball, location: 2F 1-1: DOUBLE (Line Drive, 78XD, EV 102.5 MPH) Javy Franco scores Alex Noval to third
|
Batting: LHB Pedro Garza
|
0-0: Foul Ball, location: 2F 0-1: Ball 1-1: Ball 2-1: Foul Ball, location: 2F 2-2: Ball Wild Pitch! Alex Noval scores Adam Maczko to third 3-2: Strikes out looking
|
Batting: RHB Juan Gallegos
|
0-0: Called Strike 0-1: Ball 1-1: Ball 2-1: Foul Ball, location: 2F 2-2: 2-RUN HOME RUN (Flyball, 8RXD, EV 115.0 MPH), Distance : 440 ft
|
Batting: RHB Brad Brady
|
0-0: Called Strike 0-1: Foul Ball, location: 2F 0-2: Ball 1-2: Ball 2-2: Ball 3-2: Foul Ball, location: 2F 3-2: Fly out, F9 (Flyball, 9, EV 98.8 MPH)
|
Batting: SHB Jesus Gomez
|
0-0: Ball 1-0: Called Strike 1-1: Ball 2-1: Ball 3-1: Ground out 4-3 (Groundball, 4, EV 83.1 MPH)
|
Bottom of the 1st over - 4 runs, 3 hits, 0 errors, 0 left on base; Grand Junction 0 - Ogden 4 |
TOP OF THE 2ND |
Grand Junction Rockies batting - Pitching for Ogden Raptors : RHP Drew Manderfield
|
Batting: LHB Tom Bemis
|
0-0: Ball 1-0: Foul Ball, location: 2F 1-1: Foul Ball, location: 2F 1-2: Ball 2-2: Ball 3-2: Ground out U3 (Groundball, 34, EV 89.4 MPH)
|
Batting: LHB Georges Lambert
|
0-0: Ball 1-0: Ball 2-0: Ground out 4-3 (Groundball, 4, EV 77.5 MPH)
|
Batting: RHB Ryan Ward
|
0-0: Ball 1-0: Ball 2-0: Foul Ball, location: 2F 2-1: Foul Ball, location: 2F 2-2: Ball 3-2: Strikes out swinging
|
Top of the 2nd over - 0 runs, 0 hits, 0 errors, 0 left on base; Grand Junction 0 - Ogden 4 |
BOTTOM OF THE 2ND |
Ogden Raptors batting - Pitching for Grand Junction Rockies : RHP Don Carriere
|
Batting: RHB Kekoa Kahele
|
0-0: Called Strike 0-1: Fly out, F7 (Line Drive, 7S, EV 90.6 MPH)
|
Batting: RHB Will Barksdale
|
0-0: Ball 1-0: Swinging Strike 1-1: Swinging Strike 1-2: Strikes out swinging
|
Batting: SHB Javy Franco
|
0-0: Ball 1-0: Ball 2-0: Ground out 4-3 (Groundball, 4, EV 105.6 MPH)
|
Bottom of the 2nd over - 0 runs, 0 hits, 0 errors, 0 left on base; Grand Junction 0 - Ogden 4 |
TOP OF THE 3RD |
Grand Junction Rockies batting - Pitching for Ogden Raptors : RHP Drew Manderfield
|
Batting: SHB J.D. Newman
|
0-0: Ball 1-0: Foul Ball, location: 2F 1-1: Fly out, F2 (Popup, 2LF, EV 85.0 MPH)
|
Batting: RHB Xavier Williams
|
0-0: SINGLE (Groundball, 4MD, EV 108.1 MPH)
|
Batting: RHB Tom Gentry
|
0-0: Fly out, F4 (Popup, 4S, EV 83.8 MPH)
|
Batting: SHB Rich McDonald
|
0-0: Ball 1-0: Foul Ball, location: 2F 1-1: Swinging Strike 1-2: Strikes out swinging
|
Top of the 3rd over - 0 runs, 1 hit, 0 errors, 1 left on base; Grand Junction 0 - Ogden 4 |
BOTTOM OF THE 3RD |
Ogden Raptors batting - Pitching for Grand Junction Rockies : RHP Don Carriere
|
Batting: SHB Alex Noval
|
0-0: Foul Ball, location: 2F 0-1: Fly out, F8 (Line Drive, 8LD, EV 85.0 MPH)
|
Batting: RHB Adam Maczko
|
0-0: Foul Ball, location: 2F 0-1: Ball 1-1: Ball 2-1: Ball 3-1: Fly out, F5 (Popup, 56, EV 67.5 MPH)
|
Batting: LHB Pedro Garza
|
0-0: Ball 1-0: Ball 2-0: Ball 3-0: Base on Balls
|
Batting: RHB Juan Gallegos
|
0-0: Ball 1-0: Ball 2-0: Ball 3-0: Base on Balls Pedro Garza to second
|
Batting: RHB Brad Brady
|
0-0: Ball 1-0: Ground out 1-3 (Groundball, 13S, EV 65.0 MPH)
|
Bottom of the 3rd over - 0 runs, 0 hits, 0 errors, 2 left on base; Grand Junction 0 - Ogden 4 |
TOP OF THE 4TH |
Grand Junction Rockies batting - Pitching for Ogden Raptors : RHP Drew Manderfield
|
Batting: RHB Aaron Burnet
|
0-0: Foul Ball, location: 2F 0-1: Ball 1-1: Ball 2-1: Called Strike 2-2: Strikes out swinging
|
Batting: RHB Dan Hoffman
|
0-0: Fly out, F6 (Line Drive, 6, EV 68.8 MPH)
|
Batting: LHB Tom Bemis
|
0-0: SOLO HOME RUN (Flyball, 9LD, EV 97.5 MPH), Distance : 348 ft
|
Batting: LHB Georges Lambert
|
0-0: Ball 1-0: Ball 2-0: Foul Ball, location: 2F 2-1: Ball 3-1: Called Strike 3-2: Strikes out swinging
|
Top of the 4th over - 1 run, 1 hit, 0 errors, 0 left on base; Grand Junction 1 - Ogden 4 |
BOTTOM OF THE 4TH |
Ogden Raptors batting - Pitching for Grand Junction Rockies : RHP Don Carriere
|
Batting: SHB Jesus Gomez
|
0-0: Ball 1-0: Called Strike 1-1: SOLO HOME RUN (Flyball, 89XD, EV 107.5 MPH), Distance : 438 ft
|
Batting: RHB Kekoa Kahele
|
0-0: SINGLE (Line Drive, 9LM, EV 107.5 MPH)
|
Pitching: RHP Ricardo Roman
|
|
Batting: RHB Will Barksdale
|
0-0: Foul Ball, location: 2F 0-1: Swinging Strike 0-2: Ball 1-2: Strikes out swinging
|
Batting: SHB Javy Franco
|
0-0: Ball 1-0: Called Strike Kekoa Kahele steals 2nd, throwing error, E2 Kekoa Kahele to third 1-1: Foul Ball, location: 2F 1-2: Foul Ball, location: 2F 1-2: Ball 2-2: Ball 3-2: Fly out, F8 (Flyball, 89M, EV 93.8 MPH) Runner from 3rd tags up, SCORES, no throw by CF
|
Batting: SHB Alex Noval
|
0-0: Ball 1-0: Called Strike 1-1: Ground out U3 (Groundball, 23, EV 86.2 MPH)
|
Bottom of the 4th over - 2 runs, 2 hits, 1 error, 0 left on base; Grand Junction 1 - Ogden 6 |
TOP OF THE 5TH |
Grand Junction Rockies batting - Pitching for Ogden Raptors : RHP Drew Manderfield
|
Batting: RHB Ryan Ward
|
0-0: Called Strike 0-1: Ball 1-1: Ball 2-1: Ball 3-1: Called Strike 3-2: Strikes out swinging
|
Batting: SHB J.D. Newman
|
0-0: DOUBLE (Groundball, 5L, EV 108.1 MPH)
|
Batting: RHB Xavier Williams
|
0-0: Ball 1-0: Ball 2-0: Foul Ball, location: 2F 2-1: Ball 3-1: Fly out, F9 (Flyball, 9LMF, EV 101.2 MPH)
|
Batting: RHB Tom Gentry
|
0-0: Called Strike 0-1: Ball 1-1: Swinging Strike 1-2: Strikes out swinging
|
Top of the 5th over - 0 runs, 1 hit, 0 errors, 1 left on base; Grand Junction 1 - Ogden 6 |
BOTTOM OF THE 5TH |
Ogden Raptors batting - Pitching for Grand Junction Rockies : RHP Ricardo Roman
|
Batting: RHB Adam Maczko
|
0-0: Called Strike 0-1: SINGLE (Groundball, 56, EV 107.5 MPH) (infield hit)
|
Batting: LHB Pedro Garza
|
0-0: Ball Passed Ball! Adam Maczko to second 1-0: Swinging Strike 1-1: Foul Ball, location: 2F 1-2: Ball 2-2: Strikes out swinging
|
Batting: RHB Juan Gallegos
|
0-0: SINGLE (Groundball, 56D, EV 110.0 MPH) Adam Maczko to third
|
Batting: RHB Brad Brady
|
0-0: Ball 1-0: Called Strike 1-1: Ball 2-1: Called Strike 2-2: Fielders Choice at 2nd, 2-4 (Groundball, 15S, EV 70.6 MPH)
|
Batting: SHB Jesus Gomez
|
0-0: Called Strike 0-1: Ball 1-1: Swinging Strike 1-2: Ball 2-2: Strikes out swinging
|
Bottom of the 5th over - 0 runs, 2 hits, 0 errors, 2 left on base; Grand Junction 1 - Ogden 6 |
TOP OF THE 6TH |
Grand Junction Rockies batting - Pitching for Ogden Raptors : RHP Drew Manderfield
|
Batting: SHB Rich McDonald
|
0-0: Ground out U3 (Groundball, 3, EV 81.9 MPH)
|
Batting: RHB Aaron Burnet
|
0-0: Ball 1-0: Ball 2-0: Called Strike 2-1: Hit by Pitch
|
Batting: RHB Dan Hoffman
|
0-0: Ball 1-0: Ball Aaron Burnet steals 2nd base 2-0: Called Strike 2-1: SINGLE (Line Drive, 8LS, EV 94.4 MPH) Aaron Burnet to third Runner from 3rd tries for Home, throw by CF and OUT! 8-2
|
Now in CF: Chad Rojas
|
|
Batting: LHB Tom Bemis
|
0-0: Foul Ball, location: 2F 0-1: Ball 1-1: Ball 2-1: Swinging Strike 2-2: Ball 3-2: Base on Balls Dan Hoffman to second
|
Pitching: LHP Brian Gardner
|
|
Batting: LHB Georges Lambert
|
0-0: Ball 1-0: Ball 2-0: Called Strike 2-1: Ball 3-1: Called Strike 3-2: Base on Balls Dan Hoffman to third Tom Bemis to second
|
Batting: RHB Ryan Ward
|
0-0: Called Strike 0-1: Ball 1-1: Fly out, F9 (Line Drive, 89M, EV 86.2 MPH)
|
Top of the 6th over - 0 runs, 1 hit, 0 errors, 3 left on base; Grand Junction 1 - Ogden 6 |
BOTTOM OF THE 6TH |
Ogden Raptors batting - Pitching for Grand Junction Rockies : RHP Ricardo Roman
|
Pitching: RHP Aaron O'Brien
|
|
Batting: RHB Kekoa Kahele
|
0-0: Ball 1-0: Ball 2-0: Called Strike 2-1: Ball 3-1: SINGLE (Line Drive, 34D, EV 97.5 MPH)
|
Batting: RHB Will Barksdale
|
0-0: Called Strike Kekoa Kahele is caught stealing 2nd base 2-4 0-1: Foul Ball, location: 2F 0-2: Ball 1-2: Foul Ball, location: 2F 1-2: Strikes out looking
|
Batting: SHB Javy Franco
|
0-0: Called Strike 0-1: Ground out 5-3 (Groundball, 56, EV 107.5 MPH)
|
Bottom of the 6th over - 0 runs, 1 hit, 0 errors, 0 left on base; Grand Junction 1 - Ogden 6 |
TOP OF THE 7TH |
Grand Junction Rockies batting - Pitching for Ogden Raptors : LHP Brian Gardner
|
Batting: SHB J.D. Newman
|
0-0: Foul Ball, location: 2F 0-1: Ball 1-1: Swinging Strike 1-2: Ball 2-2: Strikes out looking
|
Batting: RHB Xavier Williams
|
0-0: Called Strike 0-1: Foul Ball, location: 2F 0-2: Fly out, F7 (Flyball, 7LS, EV 81.9 MPH)
|
Batting: RHB Tom Gentry
|
0-0: Ball 1-0: Called Strike 1-1: Foul Ball, location: 2F 1-2: Strikes out swinging
|
Top of the 7th over - 0 runs, 0 hits, 0 errors, 0 left on base; Grand Junction 1 - Ogden 6 |
BOTTOM OF THE 7TH |
Ogden Raptors batting - Pitching for Grand Junction Rockies : RHP Aaron O'Brien
|
Batting: RHB Chad Rojas
|
0-0: Fly out, F1 (Line Drive, P, EV 66.2 MPH)
|
Batting: RHB Adam Maczko
|
0-0: Called Strike 0-1: Foul Ball, location: 2F 0-2: Ball 1-2: Ball 2-2: Ball 3-2: Foul Ball, location: 2F 3-2: Foul Ball, location: 2F 3-2: Reached on error, E4 (Groundball, 4, EV 108.1 MPH)
|
Batting: LHB Pedro Garza
|
0-0: Called Strike 0-1: Ball Adam Maczko steals 2nd base 1-1: Called Strike 1-2: Ball 2-2: Foul Ball, location: 2F 2-2: Ball 3-2: Base on Balls
|
Pitching: RHP Travis Palmisano
|
|
Batting: RHB Juan Gallegos
|
0-0: Foul Ball, location: 2F 0-1: Ball 1-1: Ball 2-1: Fly out, F8 (Flyball, 78D, EV 98.8 MPH)
|
Batting: RHB Brad Brady
|
0-0: Ground out 1-3 (Groundball, 13, EV 63.8 MPH)
|
Bottom of the 7th over - 0 runs, 0 hits, 1 error, 2 left on base; Grand Junction 1 - Ogden 6 |
TOP OF THE 8TH |
Grand Junction Rockies batting - Pitching for Ogden Raptors : LHP Brian Gardner
|
Batting: SHB Rich McDonald
|
0-0: Called Strike 0-1: Foul Ball, location: 2F 0-2: Ground out 5-3 (Groundball, 5, EV 81.2 MPH)
|
Batting: RHB Aaron Burnet
|
0-0: Called Strike 0-1: Ball 1-1: Ball 2-1: Foul Ball, location: 2F 2-2: Strikes out swinging
|
Batting: RHB Dan Hoffman
|
0-0: DOUBLE (Flyball, 78XD, EV 104.4 MPH)
|
Pitching: RHP Chris Moody
|
|
Batting: LHB Tom Bemis
|
0-0: Ball 1-0: Called Strike 1-1: Called Strike 1-2: Ball 2-2: Foul Ball, location: 2F 2-2: Strikes out swinging
|
Top of the 8th over - 0 runs, 1 hit, 0 errors, 1 left on base; Grand Junction 1 - Ogden 6 |
BOTTOM OF THE 8TH |
Ogden Raptors batting - Pitching for Grand Junction Rockies : RHP Travis Palmisano
|
Batting: SHB Jesus Gomez
|
0-0: Foul Ball, location: 2F 0-1: Ball 1-1: SOLO HOME RUN (Flyball, 9D, EV 96.2 MPH), Distance : 388 ft
|
Batting: RHB Kekoa Kahele
|
0-0: Ball 1-0: Ball 2-0: SINGLE (Groundball, 6M, EV 87.5 MPH) (infield hit)
|
Batting: RHB Will Barksdale
|
0-0: Fielders Choice at 2nd, 4-6 (Groundball, 4M, EV 102.5 MPH)
|
Batting: SHB Javy Franco
|
0-0: Ball 1-0: Foul Ball, location: 2F 1-1: Foul Ball, location: 2F 1-2: Ball 2-2: Ball 3-2: Fly out, F6 (Popup, 6MD, EV 48.8 MPH)
|
Batting: RHB Chad Rojas
|
0-0: Ball 1-0: Called Strike 1-1: Swinging Strike 1-2: Foul Ball, location: 2F 1-2: Ball 2-2: Strikes out looking
|
Bottom of the 8th over - 1 run, 2 hits, 0 errors, 1 left on base; Grand Junction 1 - Ogden 7 |
TOP OF THE 9TH |
Grand Junction Rockies batting - Pitching for Ogden Raptors : RHP Chris Moody
|
Batting: LHB Georges Lambert
|
0-0: Called Strike 0-1: Swinging Strike 0-2: Ground out 6-3 (Groundball, 6, EV 100.6 MPH)
|
Batting: RHB Ryan Ward
|
0-0: Called Strike 0-1: Foul Ball, location: 2F 0-2: Ball 1-2: Foul Ball, location: 2F 1-2: Ball 2-2: Foul Ball, location: 2F 2-2: Ground out 6-3 (Groundball, 56, EV 100.6 MPH)
|
Batting: SHB J.D. Newman
|
0-0: Ball 1-0: Swinging Strike 1-1: Called Strike 1-2: Foul Ball, location: 2F 1-2: Strikes out swinging
|
Top of the 9th over - 0 runs, 0 hits, 0 errors, 0 left on base; Grand Junction 1 - Ogden 7 |
|